Map: Heavy Artillery LE

Players

Nyck - Winner!

  • Race: Terran Terran
  • Spawn Location: 7:00

Ekelpack - Winner!

  • Race: Zerg Zerg
  • Spawn Location: 7:00

vladmoto

  • Race: Protoss Protoss
  • Spawn Location: 1:00

DeYurikk

  • Race: Protoss Protoss
  • Spawn Location: 3:00

VOD

Have the link to the VOD?

Description

Time

  • Played on: Sept. 11, 2024, 2 p.m.
  • Length: 12:24
Show
View Real Time Build Order
Export as new Build Order

Nyck Terran - Winner!

Build Orders: Command Center First 

Get SALT Encoding   

  12  0:01  SCV  
  13  0:14  Supply Depot  
  13  0:17  SCV  
  14  0:29  SCV  
  15  0:42  SCV  
  16  0:57  Command Center  
  16  1:03  SCV  
  17  1:12  Barracks  
  17  1:15  SCV  
  18  1:22  Refinery  
  18  1:26  Refinery  
  18  1:30  SCV  
  19  1:42  SCV  
  20  1:59  Orbital Command  
  20  2:04  Barracks  
  20  2:11  Orbital Command  
  20  2:19  Barracks Tech Lab  
  20  2:25  SCV  
  22  2:37  SCV x2  
  22  2:39  Marine  
  22  2:41  Combat Shield  
  24  2:49  SCV x2, Engineering Bay  
  27  3:00  Barracks Reactor  
  27  3:01  SCV x2  
  28  3:08  Refinery  
  28  3:11  Marine, Refinery  
  29  3:13  SCV x2  
  29  3:16  Terran Infantry Weapons Level 1  
  31  3:25  SCV x2  
  33  3:29  Marine  
  34  3:37  SCV x2  
  36  3:46  Marine x2  
  38  3:53  Supply Depot  
  38  3:59  Stimpack  
  38  4:14  SCV x2, Marine x3  
  38  4:15  Supply Depot  
  43  4:20  Factory  
  43  4:23  Engineering Bay  
  43  4:26  SCV x2  
  45  4:32  Marine  
  45  4:36  Marine x2  
  45  4:38  Supply Depot  
  48  4:39  SCV x2  
  50  4:53  Marine  
  50  4:58  Terran Infantry Armor Level 1  
  51  5:01  Supply Depot  
  51  5:06  Starport  
  51  5:07  Factory Reactor  
  51  5:08  Starport  
  51  5:09  Marine  
  51  5:10  Marine  
  53  5:17  Armory  
  53  5:18  SCV x2  
  55  5:38  SCV  
  56  5:43  Supply Depot  
  56  5:49  Starport Reactor, Command Center  
  56  5:56  Starport  
  56  5:59  SCV x2, Factory Reactor  
  58  6:06  Supply Depot  
  58  6:07  Marine x3  
  58  6:11  SCV x2, Terran Infantry Weapons Level 2  
  61  6:14  Terran Vehicle And Ship Armor Level 1  
  63  6:19  Missile Turret  
  63  6:25  SCV x2  
  65  6:28  Supply Depot  
  60  6:50  Supply Depot  
  50  7:04  Marine x2  
  50  7:05  Marine  
  53  7:11  SCV x2  
  55  7:22  Marine x2  
  56  7:24  SCV x2  
  56  7:26  Planetary Fortress  
  59  7:30  Refinery  
  59  7:33  Marine  
  59  7:36  SCV x2  
  62  7:37  Viking x4  
  62  7:40  Marine, Viking  
  73  7:49  SCV  
  74  8:03  Supply Depot  
  74  8:07  SCV  
  74  8:09  SCV x2  
  77  8:18  Viking x4  
  77  8:19  Viking x2  
  89  8:21  Terran Vehicle And Ship Armor Level 2  
  89  8:26  Supply Depot  
  89  8:32  Terran Infantry Armor Level 2  
  89  8:33  SCV x2  
  91  8:40  SCV  
  92  8:45  SCV x2  
  92  8:48  Marine x2, Refinery  
  94  8:49  Supply Depot, Marine  
  94  8:51  Viking  
  94  8:52  SCV, Viking x2  
  104  8:57  SCV x2  
  104  9:02  Armory  
  106  9:12  Supply Depot  
  106  9:14  SCV x2  
  108  9:17  SCV  
  109  9:26  SCV x2, Marine x3  
  109  9:29  SCV, Viking x3  
  109  9:30  Viking x2  
  109  9:31  Viking  
  127  9:38  Terran Infantry Weapons Level 3  
  127  9:44  Command Center  
  127  9:58  Command Center  
  127  9:59  Terran Ship Weapons Level 1  
  127  10:15  SCV x2  
  127  10:16  SCV  
  127  10:18  Viking x2  
  134  10:27  SCV x2  
  136  10:31  SCV  
  137  10:36  Viking x2  
  137  10:37  Viking  
  137  10:39  SCV x2  
  132  11:21  SCV x2  
  132  11:23  Planetary Fortress  
  132  11:27  Planetary Fortress  
  132  11:30  Refinery  
  132  11:31  Refinery  
  132  11:33  Viking  
  132  11:34  Viking x3  
  132  11:36  SCV  
  132  11:37  SCV  
Show
View Real Time Build Order
Export as new Build Order

Ekelpack Zerg - Winner!

Build Orders: Hatch First 

Get SALT Encoding   

  12  0:00  Drone  
  13  0:13  Overlord  
  13  0:17  Drone  
  14  0:32  Drone  
  15  0:46  Hatchery  
  14  0:51  Drone  
  15  1:05  Spawning Pool  
  15  1:09  Drone  
  15  1:12  Drone  
  15  1:15  Drone  
  17  1:19  Extractor  
  17  1:20  Drone  
  17  1:31  Drone  
  18  1:43  Drone  
  19  1:54  Queen  
  19  1:55  Drone  
  19  1:59  Drone  
  23  2:03  Drone  
  24  2:08  Queen  
  24  2:13  Overlord  
  26  2:20  Drone  
  27  2:26  Drone  
  28  2:32  Lair  
  28  2:35  Drone x3  
  31  2:43  Drone  
  32  2:57  Drone  
  33  2:59  Drone x2  
  33  3:03  Extractor  
  33  3:04  Drone x2  
  36  3:06  Overlord  
  36  3:10  Extractor  
  36  3:11  Drone  
  36  3:15  Overlord  
  36  3:25  Drone x3  
  39  3:28  Drone x2  
  39  3:29  Drone  
  42  3:35  Spire  
  42  3:39  Drone  
  42  3:46  Extractor  
  42  3:47  Drone x3  
  42  3:48  Drone  
  45  3:54  Drone  
  46  3:56  Overlord  
  46  4:13  Overlord x2  
  46  4:14  Overlord  
  46  4:15  Overlord  
  46  4:46  Mutalisk  
  46  4:47  Mutalisk x6  
  46  4:48  Mutalisk x3  
  46  4:51  Zerg Flyer Weapons Level 1  
  46  4:52  Mutalisk  
  68  4:55  Mutalisk  
  70  5:09  Metabolic Boost  
  70  5:10  Hatchery  
  69  5:56  Mutalisk x4  
  69  5:57  Overlord x2, Mutalisk x2  
  73  5:58  Overlord x2  
  81  6:14  Overlord  
  81  6:15  Overlord x3  
  81  6:25  Mutalisk x3  
  81  6:26  Mutalisk  
  89  6:41  Zergling x2  
  89  6:42  Zergling x10  
  91  6:58  Zergling x4  
  91  6:59  Zergling x6  
  92  7:09  Extractor  
  92  7:10  Queen  
  92  7:11  Extractor  
  90  7:16  Mutalisk x2  
  90  7:17  Mutalisk x3  
  100  7:28  Mutalisk x3  
  106  7:32  Zerg Flyer Weapons Level 2  
  106  7:39  Drone x4  
  110  8:03  Zergling x6  
  110  8:04  Zergling x12  
  119  8:38  Infestation Pit  
  119  8:39  Zergling x6  
  119  8:40  Zergling x14  
  119  8:41  Zergling x2  
  129  8:43  Evolution Chamber  
  129  8:45  Evolution Chamber  
  127  9:16  Mutalisk x7  
  135  9:17  Mutalisk x6  
  135  9:22  Overlord x3  
  153  9:46  Zergling x6  
  153  9:47  Zergling x6  
  159  10:01  Mutalisk x3  
  165  10:21  Zerg Melee Weapons Level 1  
  165  10:22  Zerg Ground Armor Level 1  
  156  10:47  Mutalisk x3  
  156  10:48  Mutalisk x5  
  156  10:49  Mutalisk  
  147  11:44  Mutalisk x6  
  147  11:45  Mutalisk x2  
  147  11:46  Zergling x2  
  147  11:47  Zergling x6  
  157  12:01  Zergling x4  
  157  12:02  Zergling x2  
Show
View Real Time Build Order
Export as new Build Order

vladmoto Protoss 

Build Orders: Blink Stalkers 

Get SALT Encoding   

  12  0:00  Probe  
  13  0:12  Probe  
  14  0:18  Pylon  
  14  0:25  Probe  
  15  0:37  Gateway  
  15  0:38  Probe  
  16  0:43  Assimilator  
  16  0:50  Probe  
  17  1:00  Gateway  
  17  1:03  Probe  
  18  1:13  Assimilator  
  18  1:15  Probe  
  19  1:19  Gateway  
  19  1:27  Pylon  
  19  1:30  Probe  
  20  1:42  Probe  
  20  1:46  Cybernetics Core  
  21  1:55  Probe  
  22  2:03  Gateway  
  22  2:13  Gateway  
  22  2:16  Probe  
  23  2:24  Twilight Council  
  23  2:28  Probe  
  24  2:38  Pylon  
  24  2:39  Pylon  
  24  2:46  Pylon  
  24  2:50  Warp Gate (Chrono Boost)  
  24  3:15  Nexus  
  24  3:30  Probe  
  24  3:33  Blink (Chrono Boost)  
  25  3:42  Probe  
  26  3:50  Gateway  
  26  3:52  Gateway  
  26  3:57  Probe  
  27  4:09  Probe  
  28  4:25  Stalker x3  
  28  4:26  Stalker  
  28  4:30  Stalker  
  38  4:42  Probe  
  39  4:47  Stalker  
  41  4:54  Stalker, Probe  
  41  4:58  Stalker  
  46  5:04  Stalker  
  48  5:15  Stalker x2  
  48  5:16  Stalker  
  48  5:19  Stalker  
  56  5:26  Stalker  
  58  5:31  Stalker  
  60  5:39  Pylon  
  58  6:05  Gateway  
  58  6:12  Stalker x3  
  58  6:13  Stalker x3  
  70  6:20  Stalker  
  70  6:22  Probe (Chrono Boost)  
  73  6:34  Probe (Chrono Boost)  
  74  6:40  Probe (Chrono Boost)  
  73  6:49  Probe  
  57  7:01  Stalker x3  
  37  7:02  Stalker x3  
  43  7:12  Stalker  
  43  7:13  Stalker  
  31  7:31  Stalker x2  
  35  7:38  Probe  
  36  7:46  Assimilator, Probe  
  36  7:50  Assimilator  
  37  7:58  Probe  
  37  8:04  Stalker x2  
  37  8:05  Stalker x2  
  44  8:10  Probe  
  39  8:23  Probe  
  40  8:34  Stalker  
  42  8:36  Probe (Chrono Boost)  
  43  8:42  Probe (Chrono Boost)  
  44  8:52  Probe (Chrono Boost)  
  45  8:58  Probe (Chrono Boost)  
  45  9:02  Probe (Chrono Boost)  
  47  9:03  Pylon  
  47  9:06  Pylon  
  48  9:10  Pylon  
  48  9:12  Probe (Chrono Boost)  
  48  9:13  Probe (Chrono Boost)  
  49  9:17  Probe (Chrono Boost)  
  49  9:19  Stalker x2  
  49  9:20  Stalker x3  
  49  9:21  Stalker x2  
  64  9:28  Probe  
  62  9:40  Probe  
  63  10:02  Assimilator  
  63  10:08  Stalker x3  
  63  10:09  Stalker x4  
  73  11:17  Stalker  
  73  11:18  Stalker x4  
  77  11:19  Stalker x2  
  79  11:46  Stalker x2  
  83  11:47  Stalker x4  
  83  11:48  Stalker  
  35  12:11  Stalker x3  
  35  12:12  Stalker x3  
  35  12:13  Stalker  
Show
View Real Time Build Order
Export as new Build Order

DeYurikk Protoss 

Build Orders: 1 Gate Expand 

Get SALT Encoding   

  12  0:01  Probe  
  13  0:13  Probe  
  14  0:27  Pylon  
  14  0:32  Probe  
  14  0:34  Assimilator  
  15  0:45  Probe  
  16  0:57  Probe  
  16  0:58  Gateway  
  16  1:00  Gateway  
  17  1:09  Probe  
  18  1:34  Nexus  
  18  1:42  Pylon  
  18  1:53  Cybernetics Core  
  18  1:56  Probe  
  18  2:01  Zealot (Chrono Boost)  
  19  2:08  Probe  
  22  2:12  Assimilator  
  22  2:18  Zealot (Chrono Boost)  
  24  2:25  Zealot  
  26  2:33  Pylon  
  26  2:35  Probe  
  27  2:51  Probe  
  28  2:56  Stalker  
  30  3:02  Stalker  
  30  3:03  Probe  
  33  3:08  Probe  
  34  3:15  Probe  
  35  3:20  Probe  
  36  3:27  Probe  
  36  3:30  Robotics Facility  
  37  3:34  Stargate  
  37  3:36  Probe  
  37  3:39  Probe  
  39  3:48  Probe  
  39  3:49  Pylon  
  39  3:51  Probe  
  39  3:54  Assimilator  
  41  4:05  Probe  
  41  4:08  Probe  
  43  4:17  Probe  
  43  4:20  Probe  
  43  4:21  Void Ray (Chrono Boost)  
  49  4:28  Robotics Bay  
  49  4:29  Probe  
  50  4:32  Probe  
  51  4:41  Probe, Immortal  
  51  4:44  Probe  
  57  4:55  Assimilator  
  57  5:06  Void Ray  
  61  5:11  Probe  
  62  5:23  Pylon  
  62  5:35  Pylon  
  62  5:39  Probe  
  60  6:09  Forge  
  60  6:11  Phoenix (Chrono Boost)  
  62  6:27  Phoenix (Chrono Boost)  
  62  6:28  Pylon  
  62  6:30  Pylon  
  62  6:32  Pylon  
  64  6:37  Pylon  
  64  6:46  Pylon  
  64  6:48  Probe (Chrono Boost)  
  64  6:51  Phoenix  
  67  7:00  Probe (Chrono Boost)  
  68  7:08  Probe (Chrono Boost)  
  69  7:14  Photon Cannon  
  69  7:15  Probe  
  70  7:24  Photon Cannon  
  70  7:26  Photon Cannon  
  70  7:32  Photon Cannon  
  70  7:34  Shield Battery  
  70  7:41  Photon Cannon  
  70  7:51  Pylon  
  69  8:07  Photon Cannon  
  69  8:11  Pylon  
  69  8:12  Photon Cannon  
  69  8:16  Pylon  
  73  8:31  Void Ray  
  73  8:34  Fleet Beacon  
  73  8:39  Photon Cannon  
  73  8:41  Photon Cannon  
  73  8:45  Probe, Photon Cannon  
  73  8:46  Shield Battery  
  74  9:03  Stargate  
  74  9:04  Pylon  
  75  9:10  Probe  
  79  9:17  Void Ray  
  79  9:29  Shield Battery  
  79  9:58  Photon Cannon  
  79  9:59  Carrier x2  
  91  10:00  Pylon  
  91  10:36  Colossus (Chrono Boost)  
  97  10:51  Photon Cannon  
  97  10:53  Pylon  
  97  10:56  Shield Battery  
  97  11:03  Carrier (Chrono Boost)  
  109  11:04  Carrier (Chrono Boost)  
Tags
 
Add a new tag
Caveats
  • Supply blocks, unpowered buildings, or Contaminate may cause inaccurate times.
  • Supply counts are checked every 10 seconds.